 Dungeon Crawl Stone Soup version 0.20-a0-1006-ge6c5631 (webtiles) character file.

76749 Klosterheim the Brawler (level 15, -10/146 HPs)
             Began as a Troll Monk on Apr 13, 2017.
             Was a High Priest of Wu Jian.
             Mangled by an orc knight
             ... wielding a +0 war axe
              (21 damage)
             ... on level 14 of the Dungeon.
             The game lasted 01:00:20 (19049 turns).

Klosterheim the Brawler (Troll Monk)               Turns: 19049, Time: 01:00:23

Health: -10/146    AC: 14    Str: 28    XL:     15   Next: 13%
Magic:  19/19      EV: 12    Int:  6    God:    Wu Jian [*****.]
Gold:   1072       SH: 17    Dex: 16    Spells: 14/14 levels left

rFire    . . .     SeeInvis .     - Unarmed
rCold    + + +     Gourm    +   l - +4 shield of Refuge {rN+ Dex+4}
rNeg     + . .     Faith    .   h - +0 ice dragon scales
rPois    .         Spirit   .   (helmet restricted)
rElec    .         Reflect  .   S - scarf {rC+}
rCorr    +         Harm     .   (gloves unavailable)
MR       +....                  (boots unavailable)
Stlth    ..........             (no amulet)
Regen    0.8/turn               z - ring of resist corrosion
MPRegen  0.2/turn               x - ring of protection from fire

@: glowing, heavenly storm
A: unfitting armour, claws 3, fast metabolism 3, gourmand, regeneration 1,
shaggy fur 1, tough skin 2
a: Serpent's Lash, Heavenly Storm, Renounce Religion


You were on level 14 of the Dungeon.
You worshipped Wu Jian.
Wu Jian was extremely pleased with you.
You were very full.

You visited 3 branches of the dungeon, and saw 21 of its levels.

You collected 1205 gold pieces.
You spent 133 gold pieces at shops.

Inventory:

Armour
 c - a +2 robe of magic resistance
 h - +0 ice dragon scales (worn)
 l - the +4 shield of Refuge (worn) {rN+ Dex+4}
   (You acquired it on level 8 of the Dungeon)

   It affects your dexterity (+4).
   It protects you from negative energy.
 r - +0 fire dragon scales
 G - a +0 cloak
 S - a scarf of cold resistance (worn)
Jewellery
 x - a ring of protection from fire (right claw)
 z - a ring of resist corrosion (left claw)
 O - an uncursed ring of see invisible
Wands
 a - a wand of lightning (1/15)
 m - a wand of digging (9/24)
 t - a wand of acid (8/15)
 H - a wand of disintegration (13/24)
 J - a wand of flame (23/48)
 K - a wand of paralysis (4/24)
 N - a wand of polymorph (18/24)
 P - a wand of digging (10/24)
Scrolls
 e - 5 scrolls of teleportation
 g - 3 scrolls of enchant armour
 i - 5 scrolls of identify
 k - 4 scrolls of fear
 q - a scroll of fog
 u - 3 scrolls of magic mapping
 w - 3 scrolls of remove curse
 A - 4 scrolls of recharging
 E - a scroll of blinking
 R - a scroll of enchant weapon
Potions
 d - 4 potions of curing
 j - 2 potions of invisibility
 n - 3 potions of lignification
 p - 3 potions of mutation
 B - a potion of haste
 C - 2 potions of heal wounds
 I - a potion of might
 M - a potion of berserk rage
Books
 Q - a book of Fire

   Spells                             Type                      Level
   a - Ignite Poison                  Fire/Transmutation/Poison    3
   b - Fireball                       Conjuration/Fire             5
   c - Bolt of Fire                   Conjuration/Fire             6
   d - Ring of Flames                 Charms/Fire                  7
   e - Ignition                       Fire                         8
Miscellaneous
 y - a lightning rod (inert)
Comestibles
 b - 10 bread rations
 f - 12 meat rations
 o - 26 fruits
 v - 8 royal jellies


   Skills:
 - Level 9.0 Fighting
 + Level 6.5 Armour
 - Level 7.3 Dodging
 - Level 2.1 Stealth
 + Level 11.9 Shields
 - Level 15.0 Unarmed Combat
 - Level 7.4 Evocations


You had 14 spell levels left.
You didn't know any spells.

Dungeon Overview and Level Annotations

Branches:
Dungeon (14/15)            Temple (1/1) D:4            Lair (6/6) D:9
  Swamp (0/4) Lair:3        Snake (0/4) Lair:2        Slime (0/5) Lair:6
    Orc (0/2) D:10         Vaults (0/5) D:14

Altars:
Ashenzari
Cheibriados
Dithmenos
Fedhas
Gozag
Hepliaklqana
Makhleb
Nemelex Xobeh
Sif Muna
Uskayaw
Wu Jian
Xom
Zin
Jiyva

Shops:
D:8 }*((*   D:13 :


Innate Abilities, Weirdness & Mutations

You are too large for most types of armour.
You have claws for hands.
Your metabolism is lightning-fast.
You like to eat raw meat.
Your natural rate of healing is unusually fast.
You are covered in fur. (AC +1)
You have very tough skin. (AC +2)


Message History

* * * LOW HITPOINT WARNING * * *
You block the eight-headed hydra's attack. x2
The acid dragon spits acid at you. The splash of acid hits you!
You are splashed with acid!
The acid burns!
You resist.
* * * LOW HITPOINT WARNING * * *
You see here an arrow.
You feel much better. The eight-headed hydra bites you.
* * * LOW HITPOINT WARNING * * *
You block the eight-headed hydra's attack.
The eight-headed hydra bites you but does no damage.
You block the eight-headed hydra's attack. x2
The eight-headed hydra bites you.
* * * LOW HITPOINT WARNING * * *
The eight-headed hydra bites you.
* * * LOW HITPOINT WARNING * * *
The eight-headed hydra bites you.
* * * LOW HITPOINT WARNING * * *
The orc knight hits you with a war axe!!
You die...

##.#.#.#...?###.#
........$....(..#
#.#.......(....#
#..............#
####...§§§§§....#
......§§§§§§.p..#
##..§§D§§§....#
.#...§§oD§§.†..#####
......§§@§§§†........
###...§§§§§§....#####
#...§§§§§.......#
#...##.#####....#
#... #.# #....# #.#.
#.. ....... ..... ###
####### ##


You could see an eight-headed hydra, an orc knight and an acid dragon.

Vanquished Creatures
  A stone giant (D:9)
  2 entropy weavers (Lair:6)
  2 fire dragons (D:9)
  Erolcha (D:10)
  Fannar (D:11)
  2 great orbs of eyes (D:9)
  4 hydras
  A merfolk avatar (Lair:6)
  3 centaur warriors
  11 death yaks
  3 two-headed ogres
  A queen ant (Lair:6)
  Sonja (D:10)
  Nergalle (Lair:3)
  A sea snake (Lair:6)
  4 unseen horrors
  An orc knight (D:9)
  A wolf spider zombie (D:12)
  Pikel (D:7)
  A harpy (Lair:6)
  A wolf spider (D:9)
  A manticore (D:13)
  13 elephants
  A cyclops (D:9)
  3 ugly things
  A cyclops (shapeshifter) (D:9)
  Maurice (D:10)
  2 black mambas
  A gargoyle (D:11)
  A torpor snail (Lair:4)
  11 spiny frogs
  2 centaur skeletons
  12 komodo dragons
  A freezing wraith (D:9)
  6 rime drakes
  A polar bear (Lair:6)
  2 trolls
  4 hornets
  10 blink frogs
  5 slime creatures
  7 hippogriffs
  8 dream sheep
  A wraith (D:9)
  5 wyverns
  2 shadows
  15 humans
  A vampire (D:13)
  2 basilisks (Lair:2)
  38 yaks
  7 vampire mosquitoes
  A hungry ghost (D:13)
  A steam dragon (D:9)
  Menkaure (D:7)
  2 nagas (Lair:2)
  An acid dragon (D:11)
  8 porcupines
  16 soldier ants (Lair:6)
  12 water moccasins
  7 orc warriors
  8 ice beasts
  5 sky beasts
  3 phantoms
  A black bear (D:3)
  4 boggarts (D:13)
  14 wolves
  7 ogres
  4 centaurs
  3 big kobolds (D:8)
  8 crocodiles
  15 bullfrogs
  A water moccasin zombie (D:8)
  A wyvern skeleton (D:10)
  10 scorpions
  6 killer bees
  2 electric eels (Lair:3)
  4 howler monkeys
  3 wights (D:12)
  A centaur zombie (D:7)
  4 bullfrog zombies
  2 crimson imps (D:11)
  3 quasits
  8 hounds
  5 jellies
  8 orc priests
  3 iguanas
  2 bullfrog skeletons
  11 orc wizards
  27 worker ants
  A hound zombie (D:5)
  A hound skeleton (D:8)
  A worker ant zombie (D:6)
  Robin (D:3)
  4 gnolls (D:7)
  A howler monkey skeleton (D:8)
  7 adders
  6 shadow imps
  An ooze (D:4)
  2 adder skeletons
  An adder zombie (D:9)
  A worm (D:3)
  2 dart slugs (D:1)
  5 leopard geckos
  49 orcs
  3 giant cockroaches
  11 goblins
  10 hobgoblins
  8 jackals
  10 kobolds
  3 quokkas
  A ball python (D:3)
  4 bats
  3 frilled lizards
  A jackal skeleton (D:4)
  A leopard gecko zombie (D:5)
  2 rats
570 creatures vanquished.

Vanquished Creatures (collateral kills)
  An ice dragon (D:9)
1 creature vanquished.

Vanquished Creatures (others)
  3 slaves (D:7)
  A scorpion (D:7)
  A bullfrog skeleton (D:7)
  A hound zombie (D:7)
  An orc (D:7)
  A quokka (D:7)
  12 fungi
  5 plants
25 creatures vanquished.

Grand Total: 596 creatures vanquished

Notes
Turn   | Place    | Note
-------+----------+-------------------------------------------
     0 | D:1      | Klosterheim the Troll Monk began the quest for the Orb.
     0 | D:1      | Reached XP level 1. HP: 23/23 MP: 0/0
    64 | D:1      | Reached skill level 1 in Unarmed Combat
    69 | D:1      | Reached XP level 2. HP: 11/31 MP: 1/1
  1081 | D:3      | Reached XP level 3. HP: 37/37 MP: 2/2
  1086 | D:3      | Reached skill level 2 in Unarmed Combat
  1225 | D:3      | Noticed a black bear
  1400 | D:3      | Killed a black bear
  1400 | D:3      | Reached skill level 3 in Unarmed Combat
  1400 | D:3      | Reached XP level 4. HP: 9/48 MP: 3/3
  1497 | D:3      | Reached XP level 5. HP: 44/54 MP: 4/4
  1566 | D:3      | Found a faded altar of an unknown god.
  1705 | D:3      | Reached skill level 4 in Unarmed Combat
  1909 | D:3      | Noticed Robin
  1936 | D:3      | Killed Robin
  2049 | D:3      | Found a hazy altar of Hepliaklqana.
  2356 | D:4      | Reached XP level 6. HP: 63/63 MP: 5/5
  2515 | D:4      | Reached skill level 5 in Unarmed Combat
  2702 | D:4      | Found a staircase to the Ecumenical Temple.
  3341 | D:5      | Entered Level 5 of the Dungeon
  3354 | Temple   | Entered the Ecumenical Temple
  3365 | Temple   | Became a worshipper of the Wu Jian Council
  3365 | Temple   | Reached * piety under Wu Jian
  3365 | Temple   | Reached ** piety under Wu Jian
  3417 | D:5      | Reached XP level 7. HP: 71/71 MP: 6/6
  3418 | D:5      | Reached skill level 6 in Unarmed Combat
  3556 | D:5      | Reached skill level 5 in Fighting
  3985 | D:6      | Reached skill level 7 in Unarmed Combat
  4445 | D:6      | Reached XP level 8. HP: 81/81 MP: 7/7
  4612 | D:7      | Noticed Pikel
  4624 | D:7      | Killed Pikel
  4624 | D:7      | Reached skill level 8 in Unarmed Combat
  4731 | D:7      | Reached *** piety under Wu Jian
  4850 | D:7      | Reached skill level 9 in Unarmed Combat
  4850 | D:7      | Reached XP level 9. HP: 84/89 MP: 8/8
  4986 | D:7      | Reached skill level 5 in Dodging
  5083 | D:7      | Noticed Menkaure
  5089 | D:7      | Killed Menkaure
  5246 | D:8      | Found Ylyel's Weapon Emporium.
  5771 | D:8      | Found Mur Dyhe's Gadget Shop.
  5799 | D:8      | Found Qenledgha's General Store.
  5975 | D:8      | Reached skill level 10 in Unarmed Combat
  6076 | D:8      | Reached XP level 10. HP: 28/100 MP: 9/9
  6227 | D:8      | Noticed a three-headed hydra
  6234 | D:8      | Killed a seven-headed hydra
  6369 | D:8      | Found Cigas's General Store.
  6424 | D:8      | Bought a scroll of summoning for 133 gold pieces
  6426 | D:8      | Identified a scroll of acquirement
  6427 | D:8      | Got a pitted shield
  6433 | D:8      | Identified the +4 shield of Refuge {rN+ Dex+4} (You acquired it on level 8 of the Dungeon)
  6474 | D:8      | Reached **** piety under Wu Jian
  6489 | D:8      | Found Hime's Antique Weapon Shoppe.
  6820 | D:9      | Found a deep blue altar of Sif Muna.
  6827 | D:9      | Reached skill level 11 in Unarmed Combat
  6831 | D:9      | Found a shadowy altar of Dithmenos.
  6845 | D:9      | Noticed a cyclops
  6857 | D:9      | Reached skill level 1 in Shields
  6933 | D:9      | Noticed a centaur warrior
  6958 | D:9      | Found a shadowy altar of Dithmenos.
  6959 | D:9      | Found a shimmering altar of Xom.
  7010 | D:9      | Killed a cyclops
  7093 | D:9      | Killed an unseen horror
  7326 | D:9      | Reached skill level 5 in Shields
  7540 | D:9      | Reached XP level 11. HP: 63/109 MP: 10/10
  7649 | D:9      | Killed a centaur warrior
  7775 | D:9      | Found a shattered altar of Ashenzari.
  7776 | D:9      | Found a sparkling altar of Nemelex Xobeh.
  7939 | D:9      | Noticed an orc knight
  7941 | D:9      | Noticed a great orb of eyes
  7942 | D:9      | Noticed a wolf spider
  7951 | D:9      | Killed a wolf spider
  7957 | D:9      | Killed an orc knight
  7970 | D:9      | Killed a great orb of eyes
  7978 | D:9      | Noticed a fire dragon
  7984 | D:9      | Noticed a fire dragon
  7992 | D:9      | Noticed an ice dragon
  7997 | D:9      | Killed a fire dragon
  8002 | D:9      | Killed a fire dragon
  8010 | D:9      | Noticed a great orb of eyes
  8010 | D:9      | Killed an ice dragon
  8218 | D:9      | Killed a great orb of eyes
  8271 | D:9      | Noticed a stone giant
  8287 | D:9      | Killed a stone giant
  8287 | D:9      | Reached skill level 10 in Shields
  8469 | D:9      | Found a staircase to the Lair.
  8474 | D:9      | Reached XP level 12. HP: 118/118 MP: 11/11
  8482 | Lair:1   | Entered Level 1 of the Lair of Beasts
  8674 | Lair:1   | Reached skill level 1 in Armour
  9049 | Lair:1   | Noticed a four-headed hydra
  9058 | Lair:1   | Killed a 15-headed hydra
  9627 | Lair:2   | Noticed a seven-headed hydra
  9654 | Lair:2   | Killed a nine-headed hydra
  9982 | Lair:2   | Reached skill level 12 in Unarmed Combat
 10112 | Lair:2   | Found a staircase to the Snake Pit.
 10136 | Lair:2   | Reached ***** piety under Wu Jian
 10748 | Lair:3   | Noticed Nergalle
 10749 | Lair:3   | Noticed a four-headed hydra
 10774 | Lair:3   | Killed Nergalle
 10841 | Lair:3   | Noticed a death yak
 10842 | Lair:3   | Noticed a death yak
 10842 | Lair:3   | Noticed a death yak
 10866 | Lair:3   | Noticed a death yak
 10867 | Lair:3   | Noticed a death yak
 10868 | Lair:3   | Noticed a death yak
 10869 | Lair:3   | Killed a death yak
 10869 | Lair:3   | Reached skill level 13 in Unarmed Combat
 10870 | Lair:3   | Killed a death yak
 10870 | Lair:3   | Reached XP level 13. HP: 98/128 MP: 12/12
 11518 | Lair:3   | Found a staircase to the Swamp.
 11617 | Lair:3   | Reached skill level 5 in Armour
 11660 | Lair:4   | Reached skill level 1 in Evocations
 11813 | Lair:4   | Found a glowing silver altar of Zin.
 12671 | Lair:5   | Reached skill level 14 in Unarmed Combat
 13223 | Lair:6   | Entered Level 6 of the Lair of Beasts
 13253 | Lair:6   | Found a viscous altar of Jiyva.
 13253 | Lair:6   | Found a staircase to the Slime Pits.
 13381 | Lair:6   | Reached skill level 5 in Evocations
 13558 | Lair:6   | Reached XP level 14. HP: 140/140 MP: 16/16
 14119 | Lair:6   | Reached ****** piety under Wu Jian
 14155 | Lair:6   | Noticed an entropy weaver
 14299 | Lair:6   | Killed an entropy weaver
 14362 | Lair:6   | Noticed an entropy weaver
 14367 | Lair:6   | Killed an entropy weaver
 14381 | Lair:6   | Reached skill level 15 in Unarmed Combat
 14823 | D:10     | Entered Level 10 of the Dungeon
 14952 | D:10     | Noticed Maurice
 14960 | D:10     | Noticed Erolcha
 14991 | D:10     | Killed Maurice
 15069 | D:10     | Found a staircase to the Orcish Mines.
 15102 | D:10     | Paralysed by Erolcha for 5 turns
 15110 | D:10     | Paralysed by Erolcha for 3 turns
 15127 | D:10     | Killed Erolcha
 15476 | D:10     | Noticed Sonja
 15486 | D:10     | Killed Sonja
 16058 | D:11     | Noticed Fannar
 16073 | D:11     | Killed Fannar
 18346 | D:13     | Reached XP level 15. HP: 146/146 MP: 19/19
 18568 | D:13     | Found Lopookk's Book Shop.
 18874 | D:14     | Found a gate to the Vaults.
 19049 | D:14     | Mangled by an orc knight

Vault maps used:
D:1:      saegor_arrival_simple_d
D:2:      minmay_misc_feat_roman
D:3:      lemuel_round_altar, first_bread, chequers_ecumenical_altar_grove,
          uniq_robin
D:4:      minmay_temple_entry_from_below_a
D:5:      kennysheep_generic_room_11
D:7:      serial_glass, glass_columns_c, glass_columns_a, glass_columns_b,
          glass_columns_b, glass_columns_c, uniq_menkaure, uniq_pikel
D:8:      serial_shops, shop, shop, nicolae_shop_stone, kennysheep_little_box,
          shop, hangedman_ranch, lightli_minifort
D:9:      grunt_lair_entry_orc_guard_hut, minmay_the_grid_octo_triangle
D:10:     orc_0_dummy, serial_bayou_pond_a, uniq_sonja, uniq_erolcha,
          uniq_maurice
D:11:     kennysheep_six_static_rooms, uniq_fannar
D:12:     grunt_ministairs_7
D:13:     serial_shops, shop
D:14:     david_vaults_3, lab_entry_generic, serial_shops, shop,
          serial_park_square1, kennysheep_treasure_room, uniq_urug
Temple:   compressed_dpeg_triangle_lava_temple
Lair:1:   st_stairs_7, grunt_megastairs_3, lemuel_fruit_tree
Lair:2:   guppyfry_snake_entry_garden
Lair:3:   minmay_swamp_entry_swarm, nicolae_quartered_pool_medium,
          infiniplex_staircase_pool, uniq_nergalle
Lair:4:   basic_altar, serial_bayou_shore_a, serial_bayou_shore_b
Lair:5:   eino_small_chamber_without_monster
Lair:6:   gammafunk_lair_ancient_temple, slime_altar_1, zaba_antful_of_joy,
          serial_bayou_shore_b

Skill      XL: |  1  2  3  4  5  6  7  8  9 10 11 12 13 14 15 |
---------------+----------------------------------------------+-----
Unarmed Combat | 1 3 4 5 7 9 10 11 13 14 15 | 15.0
Fighting       | 4 5 6 7 8 9 |  9.0
Dodging        | 4 6 7 |  7.3
Shields        | 5 10 11 | 11.9
Armour         | 4 5 6 |  6.5
Evocations     | 5 7 |  7.4
Stealth        | |  2.1

Action                   |  1- 3 |  4- 6 |  7- 9 | 10-12 | 13-15 || total
-------------------------+-------+-------+-------+-------+-------++-------
Melee: Unarmed           |    90 |   106 |   275 |   524 |  1065 ||  2060
       Punch             |     1 |     2 |    11 |     1 |       ||    15
       Scimitar          |       |       |       |     7 |       ||     7
Invok: Serpent's Lash    |       |       |       |     2 |     4 ||     6
       Heavenly Storm    |       |       |       |       |     1 ||     1
Evoke: Wand              |       |       |       |     3 |     4 ||     7
       Lightning rod     |       |       |       |       |     4 ||     4
  Use: Scroll            |     4 |       |    11 |    12 |     9 ||    36
       Potion            |     1 |       |     1 |     8 |     1 ||    11
 Stab: Sleeping          |     3 |     1 |     4 |     5 |       ||    13
  Eat: Chunk             |    18 |    13 |    30 |    44 |    75 ||   180
Armor: Robe              |    26 |    33 |    69 |    31 |       ||   159
       Skin              |       |       |       |    35 |       ||    35
       Ice dragon scales |       |       |       |    65 |   265 ||   330
Dodge: Dodged            |    39 |    62 |   122 |   163 |   257 ||   643
Block: Shield            |       |       |       |   309 |   675 ||   984
       Rpst.: Scimitar   |       |       |       |     1 |       ||     1
